 Dungeon Crawl Stone Soup version 0.23.0 (webtiles) character file.

Game seed: 13158313128699470800

5457 dengdeng the Basher (level 10, -17/129 HPs)
             Began as a Minotaur Berserker on Feb 8, 2019.
             Was a High Priest of Trog.
             Demolished by Urug
             ... wielding a +0 demon trident
              (20 damage)
             ... on level 10 of the Dungeon on Feb 9, 2019.
             The game lasted 00:24:51 (7429 turns).

dengdeng the Basher (Minotaur Berserker)            Turns: 7429, Time: 00:24:52

Health: -17/129    AC: 16    Str: 31    XL:     10   Next: 41%
Magic:  9/9        EV: 10    Int:  4    God:    Trog [*****.]
Gold:   588        SH:  0    Dex: 11    Spells: 9/9 levels left

rFire    + . .     SeeInvis .   K - +6 war axe of Agupne Vobbi {drain, rF+}
rCold    . . .     Gourm    .   (no shield)
rNeg     . . .     Faith    .   I - +0 plate armour
rPois    +         Spirit   .   (helmet restricted)
rElec    .         Reflect  .   E - +0 cloak
rCorr    .         Harm     .   (no gloves)
MR       .....                  (no boots)
Stlth    ..........             (no amulet)
HPRegen  0.31/turn              h - +2 ring of strength
MPRegen  0.11/turn              r - ring of poison resistance

@: berserking, lethally poisoned (-17 -> -31), studying Axes, very quick
A: retaliatory headbutt, horns 2
a: Berserk, Trog's Hand, Brothers in Arms, Renounce Religion


You were on level 10 of the Dungeon.
You worshipped Trog.
Trog was extremely pleased with you.
You were very hungry.

You visited 1 branch of the dungeon, and saw 10 of its levels.

You collected 588 gold pieces.

Inventory:

Hand Weapons
 e - the +8 mace of the Lumpy Yaks {venom, Str-2 Dex+2 Stlth+}
   (You found it on level 4 of the Dungeon)

   It poisons the flesh of those it strikes.
   It affects your strength (-2).
   It affects your dexterity (+2).
   It makes you more stealthy.
 C - a +1 war axe
 K - the +6 war axe of Agupne Vobbi (weapon) {drain, rF+}
   (You found it on level 9 of the Dungeon)

   A truly terrible weapon, it drains the life of those it strikes.
   It protects you from fire.
Missiles
 i - 215 stones (quivered)
 x - 3 tomahawks
Armour
 E - a +0 cloak (worn)
 I - a +0 plate armour (worn)
Jewellery
 h - a +2 ring of strength (left hand)
 j - an uncursed ring of wizardry
 m - an uncursed ring of flight
 r - a ring of poison resistance (right hand)
Wands
 t - a wand of acid (8)
 y - a wand of clouds (3)
 H - a wand of iceblast (7)
Scrolls
 b - 4 scrolls of enchant weapon
 f - 3 scrolls of magic mapping
 k - 9 scrolls of identify
 p - a scroll of teleportation {unknown}
 u - 2 scrolls of enchant armour {unknown}
 w - 4 scrolls of fog
 B - a scroll of amnesia {unknown}
Potions
 a - a potion of flight {unknown}
 d - a potion of berserk rage
 g - a potion of heal wounds {unknown}
 l - a potion of degeneration {unknown}
 n - 3 potions of curing
 o - 2 potions of agility {unknown}
 q - a potion of might {unknown}
 v - a potion of invisibility {unknown}
 z - a potion of magic {unknown}
 D - a potion of haste {unknown}
 F - a potion of resistance {unknown}
 G - a potion of brilliance {unknown}
 J - a potion of lignification {unknown}
Books
 A - a manual of Axes
Comestibles
 c - 17 rations
 s - 7 chunks of flesh


   Skills:
 + Level 7.5 Fighting
 + Level 9.5(11.5) Axes
 + Level 10.5(11.9) Maces & Flails
 + Level 0.2 Throwing
 + Level 10.3 Armour
 + Level 4.5 Dodging
 + Level 0.5 Stealth


You had 9 spell levels left.
You didn't know any spells.
Your spell library was empty.

Dungeon Overview and Level Annotations

Branches:
Dungeon (10/15)            Temple (0/1) D:6            Lair (0/6) D:8
    Orc: D:9-12

Altars:
Ashenzari
Dithmenos
Elyvilon
Fedhas
Okawaru
Qazlal
Ru
Vehumet
Yredelemnul
Zin
The Shining One

Annotations:
D:10 Urug


Innate Abilities, Weirdness & Mutations

You reflexively headbutt those who attack you in melee.
You have a pair of horns on your head.


Message History

Your headbutt misses Urug. You hit the killer bee.
* * * LOW HITPOINT WARNING * * *
You feel sick. The killer bee misses you. You furiously retaliate!
You headbutt the killer bee! Urug barely misses you. You furiously retaliate!
You headbutt Urug.
The killer bee stings you but does no damage.
A red film seems to cover your vision as you go berserk!
You feel yourself moving faster!
You feel mighty!
You are feeling very hungry.
You feel sick.
The killer bee stings you but does no damage.
Urug hits you with a +0 demon trident!!
* * * LOW HITPOINT WARNING * * *
The killer bee completely misses you.
You closely miss Urug. You headbutt Urug!!
Urug is lightly wounded.
You completely miss the killer bee.
* * * LOW HITPOINT WARNING * * *
You feel sick. Urug hits you with a +0 demon trident!!
You die...

#.# #.# y. #.# .....
#.+ ..?.. #.##+##+##
.....#######.........
.....................
..........((y@o......
#.....................
#.......((............
#.#####.(.............
#.+...#.#####+##......
# #.#...#.# ###...
###.#...#.# ...
.##.##'##.# .#
..#.......#


You could see Urug (berserk) and a killer bee.

Vanquished Creatures
  2 two-headed ogres (D:9)
  A komodo dragon (D:8)
  A troll (D:4)
  Prince Ribbit (D:6)
  A hippogriff (D:9)
  A yak (D:9)
  3 hogs (D:9)
  A human (D:9)
  A hungry ghost (D:9)
  A black bear (D:9)
  An ice beast (D:6)
  A sky beast (D:9)
  An eye of draining (D:9)
  2 ogres (D:9)
  2 phantoms
  2 centaurs
  3 bullfrogs
  A wyvern skeleton (D:6)
  A water moccasin skeleton (D:6)
  2 scorpions
  5 crimson imps
  2 centaur zombies
  A bullfrog zombie (D:10)
  A quasit (D:6)
  2 hounds
  2 jellies
  2 bullfrog skeletons
  A gnoll shaman (D:4)
  3 orc priests
  Crazy Yiuf (D:4)
  9 orc wizards
  2 iguanas
  5 worker ants
  A hound skeleton (D:8)
  4 adders
  An ooze (D:2)
  4 worms
  2 dart slugs
  2 leopard geckos
  35 orcs
  A ball python (D:5)
  5 giant cockroaches
  6 goblins
  5 hobgoblins
  17 jackals
  3 quokkas
  A bat (D:2)
  5 frilled lizards
  8 kobolds
  A leopard gecko skeleton (D:9)
  8 rats
174 creatures vanquished.

Vanquished Creatures (others)
  4 plants
4 creatures vanquished.

Grand Total: 178 creatures vanquished

Notes
Turn   | Place    | Note
-------+----------+-------------------------------------------
     0 | D:1      | dengdeng the Minotaur Berserker began the quest for the
                  | Orb.
     0 | D:1      | Reached XP level 1. HP: 19/19 MP: 0/0
   214 | D:1      | Reached XP level 2. HP: 25/27 MP: 1/1
   527 | D:1      | Found a glowing golden altar of the Shining One.
   914 | D:2      | Reached ** piety under Trog
   914 | D:2      | Reached XP level 3. HP: 31/33 MP: 2/2
  1010 | D:2      | Reached skill level 5 in Axes
  1428 | D:2      | Reached XP level 4. HP: 38/40 MP: 3/3
  1726 | D:2      | Found a glowing silver altar of Zin.
  1762 | D:3      | Found a blossoming altar of Fedhas.
  2075 | D:3      | Found a stormy altar of Qazlal.
  2614 | D:4      | Reached *** piety under Trog
  2675 | D:4      | Reached XP level 5. HP: 46/46 MP: 4/4
  2681 | D:4      | Noticed a troll
  2697 | D:4      | Killed a troll
  2697 | D:4      | Reached XP level 6. HP: 9/53 MP: 5/5
  2955 | D:4      | Reached XP level 7. HP: 33/60 MP: 6/6
  3303 | D:4      | Found a runed translucent door.
  3304 | D:4      | Noticed Crazy Yiuf
  3312 | D:4      | Killed Crazy Yiuf
  3337 | D:4      | Got an ebony mace
  3338 | D:4      | Identified the +8 mace of the Lumpy Yaks {venom, Str-2
                  | Dex+2 Stlth+} (You found it on level 4 of the Dungeon)
  3461 | D:5      | Entered Level 5 of the Dungeon
  3568 | D:5      | You fall through a shaft!
  3671 | D:6      | Reached skill level 1 in Maces & Flails
  3678 | D:6      | Found a staircase to the Ecumenical Temple.
  3687 | D:6      | Reached skill level 5 in Fighting
  3706 | D:6      | Reached skill level 5 in Armour
  3719 | D:6      | Found an iron altar of Okawaru.
  3740 | D:6      | Reached XP level 8. HP: 36/69 MP: 7/7
  3758 | D:6      | Reached **** piety under Trog
  4083 | D:6      | Found a white marble altar of Elyvilon.
  4229 | D:6      | Noticed Prince Ribbit
  4251 | D:6      | Killed Prince Ribbit
  4294 | D:6      | Found a sacrificial altar of Ru.
  4626 | D:7      | Reached skill level 5 in Maces & Flails
  4859 | D:7      | Found a basalt altar of Yredelemnul.
  4859 | D:7      | Found a shadowy altar of Dithmenos.
  4860 | D:7      | Found a shattered altar of Ashenzari.
  5035 | D:8      | Found a staircase to the Lair.
  5036 | D:8      | Noticed a komodo dragon
  5052 | D:8      | Killed a komodo dragon
  5282 | D:8      | Reached XP level 9. HP: 75/75 MP: 8/8
  5339 | D:8      | Found a radiant altar of Vehumet.
  5526 | D:8      | You fall through a shaft for 2 floors!
  5526 | D:10     | Entered Level 10 of the Dungeon
  5922 | D:9      | Noticed a two-headed ogre
  5930 | D:9      | Killed a two-headed ogre
  6232 | D:9      | Found a white marble altar of Elyvilon.
  6535 | D:9      | Reached ***** piety under Trog
  6537 | D:9      | Reached XP level 10. HP: 86/86 MP: 9/9
  6544 | D:9      | Reached skill level 10 in Maces & Flails
  6894 | D:9      | Got a slimy war axe
  6895 | D:9      | Identified the +6 war axe of Agupne Vobbi {drain, rF+} (You
                  | found it on level 9 of the Dungeon)
  7094 | D:9      | Noticed a two-headed ogre
  7100 | D:9      | Killed a two-headed ogre
  7100 | D:9      | Reached skill level 10 in Armour
  7419 | D:10     | Noticed Urug
  7428 | D:10     | HP: 3/129 [Urug/+0 demon trident (25)]
  7429 | D:10     | Demolished by Urug

Skill      XL: |  1  2  3  4  5  6  7  8  9 10 |
---------------+-------------------------------+-----
Axes           | 4 5 6 7 8 9 |  9.5
Armour         | 3 4 5 7 9 10 | 10.3
Fighting       | 4 5 6 7 |  7.5
Dodging        | 3 4 |  4.5
Maces & Flails | 2 6 9 10 | 10.5
Throwing       | |  0.2
Stealth        | |  0.5

Action                   |  1- 3 |  4- 6 |  7- 9 | 10-12 || total
-------------------------+-------+-------+-------+-------++-------
Melee: Hand axe          |    87 |   118 |    27 |       ||   232
       Headbutt          |    12 |    19 |    35 |    14 ||    80
       Mace              |       |       |   163 |    27 ||   190
       War axe           |       |       |       |    27 ||    27
Throw: Stone             |       |       |       |     5 ||     5
Invok: Berserk           |       |     2 |     2 |     1 ||     5
  Use: Potion            |       |     1 |       |       ||     1
       Scroll            |       |       |     8 |     1 ||     9
  Eat: Chunk             |     2 |     5 |    13 |     4 ||    24
Armor: Scale mail        |    19 |    59 |     7 |       ||    85
       Chain mail        |       |       |    55 |       ||    55
       Plate armour      |       |       |    84 |    28 ||   112
Dodge: Dodged            |    48 |    68 |   133 |    33 ||   282
